cohdb
Replays
Latest Replays
All Replays
Popular Replays
Top Player Replays
Match Explorer
How It Works
Community
CoH3 Stats
Reddit
Sign in to upload your games and track your stats! →
Sign in with Steam
Match 45675474
Unlisted
Match 45675474
Overview
Messages
Build Orders
End
Pioneer Squad
Construct Infanterie Kompanie
Grenadier Squad
MG 42 Machine Gun Team
Grenadier Squad
Medical Station
Construct Luftwaffe Kompanie
GrW 34 Mortar Team
Jäger Squad
Flak 30 Anti-aircraft Gun Team
MG 42 Machine Gun Team
Selects Terror Battlegroup
Selects Machine Gun Camouflage
Selects Contempt for the Weak
Construct Panzergrenadier Kompanie
Liberator4515
Bobtheorangutan
0
0
Comments
sign in to comment!
No comments posted yet!